 Dungeon Crawl Stone Soup version 0.30-a0-702-gdf48620a09 (webtiles) character file.

Game seed: 5428209771170932416

10746 ASSMAN the Fencer (level 11, -15/80 HPs)
             Began as a Merfolk Gladiator on Jan 22, 2023.
             Was a High Priest of Okawaru.
             Engulfed by a cloud of flame (18 damage)
             ... on level 13 of the Dungeon.
             The game lasted 00:15:59 (8902 turns).

ASSMAN the Fencer (Merfolk Gladiator)               Turns: 8902, Time: 00:15:59

Health: -15/80     AC: 10    Str: 14    XL:     11   Next: 66%
Magic:  11/11      EV: 24    Int: 11    God:    Okawaru [*****.]
Gold:   881        SH: 11    Dex: 24    Spells: 10/10 levels left

rFire   . . .      SeeInvis .    N - +5 scimitar (elec)
rCold   . . .      Faith    .    R - +0 kite shield
rNeg    . . .      Spirit   .    y - +0 robe "Wenuv" {Contam rElec Int+5 Slay+5 Archmagi}
rPois   .          Reflect  .    c - +0 helmet
rElec   +          Harm     .    D - +0 cloak
rCorr   .          Rampage  .    (no gloves)
Will    +....      Archmagi +    C - +1 pair of boots
Stlth   ++                       w - amulet of the acrobat
HPRegen 0.33/turn                h - +5 ring of evasion
MPRegen 0.12/turn                l - +4 ring of protection

@: about to teleport
A: (nimble swimmer 2), mertail, agile 1, strong-willed 1
a: Renounce Religion, Heroism, Finesse, Duel


You were on level 13 of the Dungeon.
You worshipped Okawaru.
Okawaru was extremely pleased with you.
You visited 1 branch of the dungeon, and saw 11 of its levels.

You collected 881 gold pieces.

Inventory:

Hand Weapons
 a - a +0 long sword
 k - a +1 great sword of holy wrath
 M - a +5 falchion of freezing
 N - a +5 scimitar of electrocution (weapon)
Missiles
 d - 4 throwing nets (quivered)
 e - 2 javelins
 U - 4 boomerangs
Armour
 b - a +0 leather armour
 c - a +0 helmet (worn)
 y - the +0 robe "Wenuv" (worn) {Contam rElec Int+5 Slay+5 Archmagi}
   (You found it on level 3 of the Dungeon)

   Int:       It affects your intelligence (+5).
   Slay:      It affects your accuracy & damage with ranged weapons and melee
   (+5).
   rElec:     It insulates you from electricity.
   Contam:    It causes magical contamination when unequipped.
   Archmagi:  It increases the power of your magical spells.
 C - a +1 pair of boots (worn)
 D - a +0 cloak (worn)
 K - the +3 robe of the Swan {rF+ rC+ Dex+2}
   (You found it on level 5 of the Dungeon)

   Dex:       It affects your dexterity (+2).
   rF:        It protects you from fire.
   rC:        It protects you from cold.
 R - a +0 kite shield (worn)
Magical Staves
 r - a staff of air
Jewellery
 h - a +5 ring of evasion (left hand)
 l - a +4 ring of protection (right hand)
 u - a ring of magical power
 w - an amulet of the acrobat (around neck)
 T - a ring of positive energy
Wands
 x - a wand of polymorph (4)
 H - a wand of flame (45)
 S - a wand of paralysis (7)
 V - a wand of digging (8)
Scrolls
 i - 4 scrolls of blinking
 j - 2 scrolls of vulnerability
 n - 3 scrolls of noise
 o - 2 scrolls of silence
 p - 3 scrolls of fear
 s - 2 scrolls of enchant weapon
 F - a scroll of immolation
 G - 2 scrolls of poison
 L - 3 scrolls of amnesia
 P - a scroll of teleportation
Potions
 f - a potion of berserk rage
 g - 3 potions of mutation
 m - 2 potions of attraction {unknown}
 q - 2 potions of lignification {unknown}
 t - 5 potions of might {unknown}
 v - a potion of flight {unknown}
 z - 4 potions of curing {unknown}
 A - 2 potions of brilliance {unknown}
 B - 4 potions of heal wounds {unknown}
 E - 3 potions of cancellation {unknown}
 I - 4 potions of haste {unknown}
 Q - a potion of magic {unknown}


   Skills:
 - Level 5.3 Fighting
 + Level 17.8 Long Blades
 - Level 2.0 Throwing
 - Level 10.6 Dodging
 - Level 5.0 Shields


You had 10 spell levels left.
You didn't know any spells.
Your spell library contained the following spells:

 Spells                   Type           Power      Damage    Failure   Level
 Magic Dart               Conj           0%         1d3       69%         1
 Lesser Beckoning         Tloc           0%         N/A       83%         2
 Searing Ray              Conj           0%         2d4       83%         2
 Gell's Gravitas          Tloc           0%         N/A       96%         3
 Stone Arrow              Conj/Erth      0%         3d7       96%         3
 Teleport Other           Tloc           0%         N/A       96%         3
 Vampiric Draining        Necr           0%         2d6       96%         3
 Fulminant Prism          Conj/Hex       0%         3d5       100%        4
 Metabolic Englaciation   Hex/Ice        0%         N/A       100%        5
 Lehudib's Crystal Spear  Conj/Erth      0%         10d2      100%        8
 Death's Door             Necr           0%         N/A       100%        9
 Summon Guardian Golem    Hex/Summ       Unusable   N/A       N/A         3
 Animate Armour           Summ/Erth      Unusable   N/A       N/A         4

Dungeon Overview and Level Annotations

Branches:
Dungeon (10/15)            Temple (0/1) D:6            Lair (0/5) D:9
    Orc (0/2) D:9          Vaults (0/5) D:13

Altars:
Elyvilon
Gozag
Nemelex Xobeh
Okawaru
Wu Jian
Xom
The Shining One

Shops:
D:5 *=*(   D:9 ([[


Innate Abilities, Weirdness & Mutations

((You are very nimble when in or above water. (Stealth+, EV+, Speed+++)))
Your lower body shifts to a powerful aquatic tail in water.
You are agile. (Dex +4, Str/Int -1)
You are strong-willed. (Will+)


Message History

As you read the scroll labelled UBBOUS VUODAPN, it crumbles to dust.
It is a scroll of enchant armour.
Your +0 pair of boots glows green for a moment.
The vampire mosquito misses you.
You block the vampire mosquito's attack.
As you read the scroll labelled JOTIL BOVVARE, it crumbles to dust.
You feel strangely unstable.
It was a scroll of teleportation.
You block the vampire mosquito's attack.
The vampire mosquito completely misses you.
You closely miss the vampire mosquito.
The vampire mosquito bites you but does no damage.
You completely miss the vampire mosquito.
You block the vampire mosquito's attack.
The vampire mosquito closely misses you.
You hit the vampire mosquito.
Flame seeps out of the vampire mosquito.
The vampire mosquito is moderately damaged.
The vampire mosquito is engulfed in blazing flames.
Flame seeps out of the vampire mosquito.
The vampire mosquito completely misses you.
The vampire mosquito is engulfed in blazing flames.
Flame seeps out of the vampire mosquito.
You block the vampire mosquito's attack.
You miss the vampire mosquito.
The vampire mosquito is severely damaged.
The vampire mosquito is engulfed in blazing flames.
Flame seeps out of the vampire mosquito.
You block the vampire mosquito's attack.
The vampire mosquito is engulfed in blazing flames.
Okawaru accepts your kill. Okawaru grants you a weapon!
Something appears at your feet!
You see here a +1 great sword of holy wrath.
The vampire mosquito explodes!
The fiery explosion engulfs you!!!
* * * LOW HITPOINT WARNING * * *
You hear a shout!
k - a +1 great sword of holy wrath You are engulfed in blazing flames.
You die...

#.# #.# #.#
#.##### #.....#
#####.# #.#
###.############
#...@°§........#
##############k#
..........#
#####....#
#######.#)z####.
.....)..H........
...##.....p.##...
##.....## .
##.p.##


There were no monsters in sight!

Vanquished Creatures
  6 two-headed ogres (D:9)
  An ogre mage (D:9)
  A komodo dragon (D:9)
  A shadow (D:9)
  A vampire (D:8)
  8 yaks
  2 vampire mosquitoes (D:13)
  A steam dragon (D:7)
  Menkaure (D:4)
  A sky beast (D:8)
  A black bear (D:7)
  An ice beast (D:5)
  3 orc warriors
  15 ogres
  2 phantoms (D:5)
  3 bullfrogs
  A gnoll sergeant (D:7)
  5 scorpions
  7 wights
  A necrophage (D:4)
  5 killer bees (D:9)
  6 howler monkeys
  4 crimson imps (D:4)
  4 hounds
  6 orc priests
  A gnoll bouda (D:5)
  A scorpion zombie (D:3)
  Ijyb (D:3)
  2 iguanas (D:6)
  11 orc wizards
  Natasha (twice) (D:2)
  9 gnolls
  7 adders
  2 shadow imps
  2 white imps
  2 ufetubi
  3 dart slugs
  31 orcs
  2 bats
  8 endoplasms
  3 giant cockroaches
  7 goblins
  8 hobgoblins
  10 jackals
  12 kobolds
  5 quokkas
  5 ball pythons
  6 frilled lizards
  A jackal skeleton (D:3)
  4 rats
232 creatures vanquished.

Vanquished Creatures (others)
  38 plants
  2 withered plants (D:3)
40 creatures vanquished.

Grand Total: 272 creatures vanquished

Notes
Turn   | Place    | Note
-------+----------+-------------------------------------------
     0 | D:1      | ASSMAN the Merfolk Gladiator began the quest for the Orb.
     0 | D:1      | Reached XP level 1. HP: 16/16 MP: 1/1
   111 | D:1      | Reached skill level 4 in Long Blades
   111 | D:1      | Reached XP level 2. HP: 22/22 MP: 2/2
   237 | D:1      | Reached XP level 3. HP: 13/27 MP: 3/3
   881 | D:1      | Reached skill level 5 in Dodging
  1115 | D:2      | Reached XP level 4. HP: 23/33 MP: 4/4
  1235 | D:2      | Reached skill level 5 in Long Blades
  1424 | D:2      | Noticed Natasha
  1430 | D:2      | Killed Natasha
  1431 | D:2      | Reached XP level 5. HP: 37/38 MP: 5/5
  1904 | D:2      | Noticed Natasha
  1917 | D:2      | Killed Natasha
  2273 | D:3      | Found an ornate altar of the Wu Jian Council.
  2293 | D:3      | Reached skill level 6 in Long Blades
  2390 | D:3      | Reached XP level 6. HP: 44/44 MP: 6/6
  2606 | D:3      | Noticed Ijyb
  2645 | D:3      | Killed Ijyb
  2792 | D:3      | Found a sparkling altar of Nemelex Xobeh.
  3011 | D:3      | Identified the +0 robe "Wenuv" {Contam rElec Int+5 Slay+5
                  | Archmagi}
  3503 | D:4      | Found a shimmering altar of Xom.
  3523 | D:4      | Found an opulent altar of Gozag.
  3526 | D:4      | Found a glowing golden altar of the Shining One.
  3669 | D:4      | Reached skill level 7 in Long Blades
  3669 | D:4      | Reached XP level 7. HP: 50/50 MP: 7/7
  3692 | D:4      | Noticed Menkaure
  3702 | D:4      | Killed Menkaure
  4071 | D:4      | Reached skill level 8 in Long Blades
  4358 | D:5      | Entered Level 5 of the Dungeon
  4400 | D:5      | Reached XP level 8. HP: 50/57 MP: 8/8
  4571 | D:5      | Found Habing's General Store.
  4573 | D:5      | Found Iduen's Jewellery Boutique.
  4573 | D:5      | Found Xoix's Assorted Antiques.
  4581 | D:5      | Found Ussuegep's Antique Weapon Shoppe.
  4651 | D:5      | Reached skill level 9 in Long Blades
  4674 | D:5      | Identified the +3 robe of the Swan {rF+ rC+ Dex+2}
  4737 | D:5      | Found an iron altar of Okawaru.
  4775 | D:5      | Became a worshipper of Warmaster Okawaru
  5199 | D:6      | Reached skill level 10 in Dodging
  5219 | D:6      | Reached XP level 9. HP: 46/66 MP: 9/9
  5292 | D:6      | Found a staircase to the Ecumenical Temple.
  5299 | D:6      | Reached skill level 10 in Long Blades
  5302 | D:6      | Reached * piety under Okawaru
  5416 | D:6      | Reached skill level 5 in Fighting
  5741 | D:7      | Gained mutation: You are strong-willed. (Will+) [potion of
                  | mutation]
  5741 | D:7      | Gained mutation: You are agile. (Dex +4, Str/Int -1)
                  | [potion of mutation]
  6027 | D:7      | Found a white marble altar of Elyvilon.
  6168 | D:7      | Reached skill level 1 in Shields
  6247 | D:7      | Reached ** piety under Okawaru
  6808 | D:8      | Reached skill level 5 in Shields
  6808 | D:8      | Reached skill level 11 in Long Blades
  7285 | D:9      | Reached XP level 10. HP: 71/74 MP: 10/10
  7288 | D:9      | Reached *** piety under Okawaru
  7289 | D:9      | Reached skill level 12 in Long Blades
  7403 | D:9      | Found a staircase to the Orcish Mines.
  7403 | D:9      | Found Vewkoe's Armour Boutique.
  7403 | D:9      | Found Cizxurie's Weapon Boutique.
  7480 | D:9      | Reached skill level 13 in Long Blades
  7490 | D:9      | Found a staircase to the Lair.
  7709 | D:9      | Found Muherr's Armour Shop.
  7794 | D:9      | Reached **** piety under Okawaru
  7874 | D:9      | Noticed a two-headed ogre
  7874 | D:9      | Noticed a two-headed ogre
  7874 | D:9      | Noticed a two-headed ogre
  7882 | D:9      | Killed a two-headed ogre
  7882 | D:9      | Received a gift from Okawaru
  7883 | D:9      | Reached skill level 14 in Long Blades
  7890 | D:9      | Killed a two-headed ogre
  7891 | D:9      | Reached skill level 15 in Long Blades
  7895 | D:9      | Killed a two-headed ogre
  7895 | D:9      | Reached ***** piety under Okawaru
  7896 | D:9      | Reached XP level 11. HP: 72/80 MP: 9/11
  7928 | D:9      | Noticed a two-headed ogre
  7928 | D:9      | Noticed a two-headed ogre
  7930 | D:9      | Noticed a two-headed ogre
  7934 | D:9      | Noticed an ogre mage
  7937 | D:9      | Killed a two-headed ogre
  7938 | D:9      | Reached skill level 16 in Long Blades
  7941 | D:9      | Killed a two-headed ogre
  7944 | D:9      | Received a gift from Okawaru
  7953 | D:9      | Killed a two-headed ogre
  7966 | D:9      | Killed an ogre mage
  7967 | D:9      | Reached skill level 17 in Long Blades
  7977 | D:9      | Got the Parchment of the Captivating Mausoleum
  8544 | D:10     | Entered Level 10 of the Dungeon
  8839 | D:10     | You fall into a shaft and drop 3 floors!
  8875 | D:13     | Found a gate to the Vaults.
  8875 | D:13     | Noticed a manticore
  8875 | D:13     | Noticed a skeletal warrior
  8875 | D:13     | Noticed a vault guard
  8875 | D:13     | Noticed a vault guard
  8875 | D:13     | Noticed a vault guard
  8875 | D:13     | Noticed a vault guard
  8875 | D:13     | Noticed a harpy
  8885 | D:13     | a harpy changed into a rime drake
  8901 | D:13     | Received a gift from Okawaru
  8901 | D:13     | HP: 3/80 [spore (37)]
  8902 | D:13     | Engulfed by a cloud of flame

Illustrated notes

Levels and vault maps discovered:
D:1:      dpeg_arrival_radiant, layout_basic, st_stairs_1, chequers_jeans
D:2:      layout_basic, corexii_shack, grunt_ministairs_6, uniq_natasha
D:3:      layout_loops_corners, lemuel_tele_altar, nzn_wu_jian_contemplation,
          serial_undead, serial_undead_b, serial_undead_c, serial_undead_f,
          serial_undead_b, nicolae_figureground_sparkle, uniq_ijyb
D:4:      layout_loops_ring, led_xom_imps,
          chequers_temple_overflow_statue_of_worship, minmay_pentomino_pile,
          uniq_menkaure
D:5:      layout_basic, mainiacjoe_overflow_small_starburst,
          nicolae_wooded_promenade, minmay_circle_x
D:6:      layout_rooms, temple_pool_b
D:7:      layout_basic, elyvilon_altar_3
D:8:      layout_loops_ring, minmay_misc_feat_roman
D:9:      lemuel_ogre_cave, layout_basic, david_lair_shrubbed, orc_david_3,
          serial_shops, nicolae_shop_stone
D:10:     layout_basic
D:13:     layout_basic, lightli_vaults_fourway_checkpoint,
          nicolae_transporter_intersection

Skill      XL: |  1  2  3  4  5  6  7  8  9 10 11 |
---------------+----------------------------------+-----
Long Blades    | 4 5 6 7 8 9 11 15 17 | 17.8
Dodging        | 5 6 7 9 10 | 10.6
Fighting       | 4 5 |  5.3
Shields        | 5 |  5.0
Throwing       | |  2.0

Action                   |  1- 3 |  4- 6 |  7- 9 | 10-12 || total
-------------------------+-------+-------+-------+-------++-------
Melee: Long sword        |    96 |   207 |   113 |       ||   416
       Punch             |     3 |     6 |     1 |       ||    10
       Unarmed           |       |     4 |       |       ||     4
       Scimitar          |       |       |   146 |   159 ||   305
       Tailslap          |       |       |     2 |       ||     2
Throw: Throwing net      |       |       |       |     1 ||     1
Invok: Heroism           |       |       |       |     2 ||     2
  Use: Potion            |       |       |     2 |       ||     2
       Scroll            |       |       |       |    12 ||    12
 Stab: Sleeping          |     1 |     1 |     2 |       ||     4
       Distracted        |       |       |     1 |       ||     1
Armor: Leather armour    |    21 |    30 |       |       ||    51
       Robe              |       |     1 |    42 |    11 ||    54
       Skin              |       |     1 |       |       ||     1
Dodge: Dodged            |    88 |   211 |   246 |   101 ||   646
Block: Kite shield       |       |       |    30 |    77 ||   107

Table legend: (Time is in decaauts)
 A = Elapsed time spent in this place.
 B = Non-inter-level travel time spent in this place.
 C = Inter-level travel time spent in this place.
 D = Time resting spent in this place.
 E = Time spent auto-exploring this place.
 F = Levels seen in this place.
 G = Mean time per level.
                   A        B        C        D        E       F      G
               +--------+--------+--------+--------+--------+-----+--------+
         Total |   8895 |   8648 |    247 |    775 |   6375 |  11 |  808.6 |
       Dungeon |   8895 |   8648 |    247 |    775 |   6375 |  11 |  808.6 |
               +--------+--------+--------+--------+--------+-----+--------+

Top non-repeatable levels by time:
     D:3: 1288 daAuts
     D:2: 1285 daAuts
     D:9: 1262 daAuts
     D:7: 941 daAuts
     D:1: 929 daAuts
     D:4: 890 daAuts
     D:5: 780 daAuts
     D:8: 631 daAuts
     D:6: 532 daAuts
    D:10: 292 daAuts
    D:13: 61 daAuts
